 Dungeon Crawl Stone Soup version 0.28.0-43-g3370ac3207 (webtiles) character file.

Game seed: 3633299104517950425

41 Ablot the Grasshopper (level 3, -7/31 HPs)
             Began as a Gnoll Warper on Feb 28, 2022.
             Mangled by a kobold brigand
             ... wielding a +4 short sword
              (9 damage)
             ... in a sewer.
             The game lasted 00:01:35 (1396 turns).

Ablot the Grasshopper (Gnoll Warper)                Turns: 1396, Time: 00:01:35

Health: -7/31      AC:  4    Str: 12    XL:     3   Next: 52%
Magic:  9/9        EV: 12    Int: 12    God:
Gold:   84         SH:  0    Dex: 11    Spells: 10/12 levels left

rFire   . . .      SeeInvis .   a - +0 spear
rCold   . . .      Faith    .   (no shield)
rNeg    . . .      Spirit   .   b - +0 leather armour
rPois   .          Reflect  .   (no helmet)
rElec   .          Harm     .   f - +0 cloak
rCorr   .          Rampage  .   (no gloves)
Will    .....                   (no boots)
Stlth   +.........              (no amulet)
HPRegen 0.10/turn               (no ring)
MPRegen 0.11/turn               (no ring)

@: no status effects
A: fangs 1, strong nose, distributed training
a: no special abilities


You were in a sewer.
You visited 1 branch of the dungeon, and saw 3 of its levels.
You also visited: Sewer.

You collected 84 gold pieces.

Inventory:

Hand Weapons
 a - a +0 spear (weapon)
Missiles
 d - 5 boomerangs of dispersal
 e - 59 stones (quivered)
 h - 18 bolts
 i - 29 arrows
Armour
 b - a +0 leather armour (worn)
 f - a +0 cloak (worn)
Scrolls
 c - a scroll of blinking
 j - a scroll of enchant armour {unknown}
Potions
 g - a potion of brilliance {unknown}


   Skills:
 + Level 4.5 Fighting
 + Level 0.8 Short Blades
 + Level 0.8 Long Blades
 + Level 0.8 Axes
 + Level 0.8 Maces & Flails
 + Level 4.5 Polearms
 + Level 0.8 Staves
 + Level 0.8 Slings
 + Level 0.8 Bows
 + Level 0.8 Crossbows
 + Level 2.6 Throwing
 + Level 2.6 Armour
 + Level 4.5 Dodging
 + Level 0.8 Stealth
 + Level 0.8 Shields
 + Level 0.8 Unarmed Combat
 + Level 5.0 Spellcasting
 + Level 0.5 Conjurations
 + Level 0.5 Hexes
 + Level 0.5 Summonings
 + Level 0.5 Necromancy
 + Level 5.4 Translocations
 + Level 0.5 Transmutations
 + Level 0.5 Fire Magic
 + Level 0.5 Ice Magic
 + Level 0.5 Air Magic
 + Level 0.5 Earth Magic
 + Level 0.5 Poison Magic
 + Level 1.0 Invocations
 + Level 0.8 Evocations


You had 10 spell levels left.
You knew the following spells:

 Your Spells              Type           Power      Damage    Failure   Level
a - Blink                 Tloc           32%        N/A       4%          2

Your spell library contained the following spells:

 Spells                   Type           Power      Damage    Failure   Level
 Gell's Gravitas          Tloc           16%        N/A       9%          3
 Lesser Beckoning         Tloc           16%        N/A       9%          3
 Teleport Other           Tloc           16%        N/A       9%          3
 Manifold Assault         Tloc           16%        N/A       58%         5


Dungeon Overview and Level Annotations

Branches:
Dungeon (4/15)              Sewer (1/1)
 Temple: D:4-7

Altars:


Innate Abilities, Weirdness & Mutations

You have very sharp teeth.
Your uncanny sense of smell can sniff out nearby items.
Your experience applies equally to all skills.


Message History

Unknown command.
Throw: 59 stones
Press: ? - help, Q - select action, (/) - cycle Shift-Dir - straight line, f/p - kobold brigand
Aim: a kobold brigand, wielding a +4 short sword and quivering curare-tipped darts (51% to hit)
Okay, then.
You reach to attack!
You hit the kobold brigand.
The kobold brigand is lightly wounded.
You reach to attack!
You hit the kobold brigand.
The kobold brigand is moderately wounded.
You miss the kobold brigand. Your bite misses the kobold brigand.
The kobold brigand is moderately wounded.
You hit the kobold brigand.
The kobold brigand is moderately wounded.
The kobold brigand hits you with a +4 short sword!
You barely miss the kobold brigand.
The kobold brigand is moderately wounded.
The kobold brigand hits you with a +4 short sword!
You are too injured to fight recklessly!
You hit the kobold brigand but do no damage.
Your bite misses the kobold brigand.
The kobold brigand is moderately wounded.
The kobold brigand splashes around in the water.
You hit the kobold brigand.
The kobold brigand is heavily wounded.
The kobold brigand hits you with a +4 short sword.
You hit the kobold brigand.
You bite the kobold brigand, but do no damage.
The kobold brigand is heavily wounded.
The kobold brigand hits you with a +4 short sword!
* * * LOW HITPOINT WARNING * * *
Unknown command.
You barely miss the kobold brigand.
The kobold brigand is heavily wounded.
You hit the kobold brigand.
The kobold brigand is severely wounded.
The kobold brigand barely misses you.
You hit the kobold brigand but do no damage.
The kobold brigand is severely wounded.
The kobold brigand hits you with a +4 short sword!
You die...

### .≈≈≈(##### ..#####.
#≈((≈≈####### .≈≈.≈≈.≈
.≈K≈≈###≈≈≈≈≈..## ≈≈≈≈≈≈.≈
### #≈K@≈..≈.# #..≈..≈.
≈≈≈≈###≈≈≈≈≈≈≈≈####.≈≈≈..≈
#≈≈≈≈≈####.≈≈.##..≈..≈≈≈
≈≈≈≈##### ##..≈..≈.≈.≈.≈.
## ##≈≈≈≈.....≈≈≈
#≈≈≈≈≈≈....≈.
#.≈≈≈..≈∩.∩.≈
#≈≈≈≈≈≈....≈≈
#≈≈....≈.≈...


You could see a kobold brigand.

Vanquished Creatures
  A worm (D:4)
  3 ball pythons (D:1)
  3 endoplasms
  4 giant cockroaches
  4 goblins
  7 hobgoblins (D:1)
  A kobold (D:1)
  A quokka (D:1)
  3 bats (D:1)
  2 frilled lizards (D:1)
  4 rats
33 creatures vanquished.

Notes
Turn   | Place    | Note
-------+----------+-------------------------------------------
     0 | D:1      | Ablot the Gnoll Warper began the quest for the Orb.
     0 | D:1      | Reached XP level 1. HP: 20/20 MP: 6/6
   113 | D:1      | Reached XP level 2. HP: 26/26 MP: 7/7
   116 | D:1      | Learned a level 2 spell: Blink
   725 | D:1      | Reached XP level 3. HP: 27/31 MP: 9/9
   731 | D:1      | Reached skill level 5 in Spellcasting
   944 | D:1      | Found a faded altar of an unknown god.
  1247 | D:2      | You fall into a shaft and drop 2 floors!
  1295 | D:4      | Reached skill level 1 in Invocations
  1301 | D:4      | Found a glowing drain.
  1305 | Sewer    | Entered a sewer
  1374 | Sewer    | Noticed a kobold brigand
  1396 | Sewer    | Mangled by a kobold brigand

Illustrated notes

Levels and vault maps discovered:
D:1:      dpeg_arrival_lava_temple_mockup, layout_loops_ring,
          shapermc_ecumenical_altar_venn, minmay_misc_feat_roman,
          minmay_split_cup_small
D:2:      layout_loops_corners, grunt_decor_resistance
D:4:      layout_loops_corners, gammafunk_temple_overflow_statue,
          minmay_temple_entry_stoned_glass, gup_sewer_entry_bowl, nrook_campfire
Sewer:    sewer_co_tree

Skill      XL: |  1  2  3 |
---------------+----------+-----
Spellcasting   | 5 |  5.0
Invocations    | 1 |  1.0
Fighting       | |  4.5
Short Blades   | |  0.8
Long Blades    | |  0.8
Axes           | |  0.8
Maces & Flails | |  0.8
Polearms       | |  4.5
Staves         | |  0.8
Slings         | |  0.8
Bows           | |  0.8
Crossbows      | |  0.8
Throwing       | |  2.6
Armour         | |  2.6
Dodging        | |  4.5
Stealth        | |  0.8
Shields        | |  0.8
Unarmed Combat | |  0.8
Conjurations   | |  0.5
Hexes          | |  0.5
Summonings     | |  0.5
Necromancy     | |  0.5
Translocations | |  5.4
Transmutations | |  0.5
Fire Magic     | |  0.5
Ice Magic      | |  0.5
Air Magic      | |  0.5
Earth Magic    | |  0.5
Poison Magic   | |  0.5
Evocations     | |  0.8

Action                   || total
-------------------------++-------
Melee: Spear             ||   138
       Bite              ||    14
       Punch             ||     2
Throw: Stone             ||     7
 Stab: Sleeping          ||     2
Armor: Leather armour    ||    19
Dodge: Dodged            ||    51
